 Dungeon Crawl Stone Soup version 0.25.1-2-g60ff931df9 (webtiles) character file.

Game seed: 15152477921326967151

35 snilloc10 the Ruffian (level 3, -1/30 HPs)
             Began as a Ghoul Warper on Dec 10, 2020.
             Slain by a gnoll
             ... wielding a +2 halberd of protection
              (4 damage)
             ... on level 2 of the Dungeon.
             The game lasted 00:04:41 (1039 turns).

snilloc10 the Ruffian (Ghoul Warper)                Turns: 1039, Time: 00:04:41

Health: -1/30      AC:  3    Str: 15    XL:     3   Next: 35%
Magic:  4/4        EV: 12    Int:  8    God:
Gold:   47         SH:  0    Dex:  8    Spells: 3/5 levels left

rFire    . . .     SeeInvis .     - Unarmed
rCold    + . .     Gourm    .   (no shield)
rNeg     + + +     Faith    .   a - +0 leather armour
rPois    ∞         Spirit   .   (no helmet)
rElec    .         Reflect  .   (no cloak)
rCorr    .         Harm     .   (no gloves)
MR       .....                  (no boots)
Stlth    +.........             (no amulet)
HPRegen  0.00/turn              (no ring)
MPRegen  0.09/turn              (no ring)

@: rotting
A: rotting body, claws 1, carnivore, cold resistance 1, negative energy
resistance 3, inhibited regeneration, torment resistance, unbreathing
a: no special abilities


You were on level 2 of the Dungeon.
You were not hungry.

You visited 1 branch of the dungeon, and saw 2 of its levels.

You collected 47 gold pieces.

Inventory:

Hand Weapons
 e - a +0 dagger of venom
Armour
 a - a +0 leather armour (worn)
Scrolls
 c - a scroll of blinking
 g - a scroll of identify {unknown}
 h - a scroll of remove curse {unknown}
 i - a scroll of magic mapping {unknown}
 j - a scroll of teleportation {unknown}
 l - a scroll of fog {unknown}
Potions
 d - a potion of berserk rage {unknown}
 k - a potion of stabbing {unknown}
 m - a potion of curing {unknown}
Comestibles
 b - 2 chunks of flesh
 f - 4 rations


   Skills:
 - Level 2.3 Fighting
 - Level 0.8 Throwing
 - Level 0.8 Armour
 + Level 2.6 Dodging
 + Level 3.2 Unarmed Combat
 - Level 1.7 Spellcasting
 - Level 2.6 Translocations


You had 3 spell levels left.
You knew the following spells:

 Your Spells              Type           Power        Failure   Level  Hunger
a - Blink                 Tloc           N/A          22%         2    ###....

Your spell library contained the following spells:

 Spells                   Type           Power        Failure   Level  Hunger
 Shroud of Golubria       Chrm/Tloc      #.....       36%         2    ###....
 Gell's Gravitas          Tloc           #.........   41%         3    ####...
 Lesser Beckoning         Tloc           #.........   41%         3    ####...
 Teleport Other           Tloc           #.......     41%         3    ####...
 Passage of Golubria      Tloc           N/A          83%         4    #####..


Dungeon Overview and Level Annotations

Branches:
Dungeon (2/15)

Altars:


Innate Abilities, Weirdness & Mutations

Your body is rotting away.
You thrive on raw meat.
You are immune to poison.
You have sharp fingernails.
You are carnivorous and can eat meat at any time.
Your flesh is cold resistant. (rC+)
You are immune to negative energy. (rN+++)
You do not regenerate when monsters are visible.
You are immune to unholy pain and torment.
You can survive without breathing.


Message History

The gnoll shouts! x2; You hear a shout!
Found 21 sling bullets.
A gnoll comes into view. It is wielding a +0 whip.
The gnoll shouts!
A gnoll comes into view. It is wielding a +0 halberd.
The gnoll shouts!
The gnoll completely misses you. The gnoll hits you with a +0 spear.
The gnoll hits you from afar with a +2 halberd of protection.
You closely miss the gnoll. The gnoll hits you with a +0 spear.
You barely miss the gnoll. The gnoll hits you with a +0 spear.
The gnoll hits you from afar with a +2 halberd of protection!
* * * LOW HITPOINT WARNING * * *
You are too injured to fight recklessly!
You scratch the gnoll.
The gnoll is moderately wounded.
The gnoll hits you with a +0 spear.
* * * LOW HITPOINT WARNING * * *
The gnoll hits you from afar with a +2 halberd of protection.
You die...

#.# #.# #.# #.# .#
#### #g##.#.##
..... #gg.)...#
.....##g##.##.##
......#@##.....
......r....##.#
......#..#.##.#
........#.....#
(.....##......#
...... ##.(##.#
######.##.###.###.#
#.......#.....###.#
#.......#
#.......#####.


You could see 4 gnolls and a rat.

Vanquished Creatures
  An ooze (D:1)
  A dart slug (D:1)
  A leopard gecko (D:1)
  A giant cockroach (D:1)
  4 goblins (D:1)
  4 hobgoblins (D:1)
  3 jackals (D:1)
  6 bats (D:1)
  A frilled lizard (D:1)
  4 kobolds (D:1)
  A plant (D:1)
27 creatures vanquished.

Notes
Turn   | Place    | Note
-------+----------+-------------------------------------------
     0 | D:1      | snilloc10 the Ghoul Warper began the quest for the Orb.
     0 | D:1      | Reached XP level 1. HP: 17/17 MP: 2/2
   139 | D:1      | Reached XP level 2. HP: 23/24 MP: 3/3
   187 | D:1      | Learned a level 2 spell: Blink
   522 | D:1      | Reached skill level 3 in Unarmed Combat
   522 | D:1      | Reached XP level 3. HP: 23/30 MP: 4/4
  1039 | D:2      | Slain by a gnoll

Illustrated notes

Levels and vault maps discovered:
D:1:      tarquinn_simple_flora_water_e, layout_basic, serial_forest,
          infiniplex_forest_corner_2, infiniplex_forest_diagonal,
          infiniplex_forest_straight_1, infiniplex_forest_clump_double,
          infiniplex_forest_end_1, infiniplex_forest_clump_curved, minivault_26,
          chequers_garden
D:2:      layout_loops_cross, chequers_ecumenical_altar_simple,
          minmay_pentomino_t2

Skill      XL: |  1  2 |
---------------+-------+-----
Dodging        | 2 |  2.6
Unarmed Combat | 3 |  3.2
Fighting       | |  2.3
Throwing       | |  0.8
Armour         | |  0.8
Spellcasting   | |  1.7
Translocations | |  2.6

Action                   || total
-------------------------++-------
Melee: Unarmed           ||   133
       Dagger            ||    15
Throw: Boomerang         ||     5
  Eat: Chunk             ||     4
Armor: Leather armour    ||    20
Dodge: Dodged            ||    47
